 Dungeon Crawl Stone Soup version 0.25-a0-184-gcd15a05269 (webtiles) character file.

Game seed: 1268629328208021601, levelgen mode: deterministic

7 Gargoyl the Skirmisher (level 1, -1/19 HPs)
             Began as a Centaur Abyssal Knight on Nov 27, 2019.
             Was a Follower of Lugonu.
             Slain by a thrashing horror (3 damage)
             ... on level 1 of the Abyss.
             The game lasted 00:00:29 (118 turns).

Gargoyl the Skirmisher (Centaur Abyssal Knight)      Turns: 118, Time: 00:00:30

Health: -1/19      AC:  4    Str: 14      XL:     1   Next: 83%
Magic:  2/2        EV:  9    Int: 11      God:    Lugonu [*.....]
Gold:   0          SH:  0    Dex:  5 (6)  Spells: 0/0 levels left

rFire    . . .     SeeInvis .   a - +1 hand axe
rCold    . . .     Gourm    .   (no shield)
rNeg     . . .     Faith    .   b - +0 leather armour
rPois    .         Spirit   .   (no helmet)
rElec    .         Reflect  .   (no cloak)
rCorr    .         Harm     .   (no gloves)
MR       .....     Clarity  +   (no barding)
Stlth    ..........             (no amulet)
HPRegen  0.06/turn              (no ring)
MPRegen  0.08/turn              (no ring)

@: very quick
A: large, hooves 3, clarity, clumsy 1, deformed body, deterioration 1, speed 2,
sense surroundings 1, tough skin 3
a: Depart the Abyss, Renounce Religion


You were on level 1 of the Abyss.
You worshipped Lugonu.
Lugonu was aware of your devotion.
You were not hungry.

You visited 0 branches of the dungeon, and saw 0 of its levels.
You visited the Abyss 1 time.

Inventory:

Hand Weapons
 a - a +1 hand axe (weapon)
Armour
 b - a +0 leather armour (worn)
Scrolls
 d - a scroll of teleportation {unknown}
Comestibles
 c - 2 rations


   Skills:
 + Level 3.3 Fighting
 + Level 1.8 Axes
 + Level 1.4 Armour
 + Level 0.6 Dodging
 + Level 2.0 Invocations


You couldn't memorise any spells.
You didn't know any spells.
Your spell library was empty.

Dungeon Overview and Level Annotations

Branches:
Dungeon (0/15)

Altars:


Innate Abilities, Weirdness & Mutations

You have hooves in place of feet.
Armour fits poorly on your strangely shaped body.
You cover ground very quickly.
You have extremely tough skin. (AC +3)
You possess an exceptional clarity of mind.
You are clumsy. (Dex -2)
Your body sometimes deteriorates upon taking damage.
You passively map a small area around you.


Message History

You feel clumsy.
You feel yourself wasting away.
Your thoughts seem clearer.
You feel a strange attunement to the structure of the dungeons.
Found a scroll labeled KUREDO ERCHACK.
You see here a scroll labeled KUREDO ERCHACK.
d - a scroll labeled KUREDO ERCHACK The flying skull hits you but does no damage.
Found a pair of gloves.
A white imp comes into view.
The white imp shouts, "Crawl home, thou jarring nose-picking dingleberry!"
A large abomination comes into view.
The flying skull hits you!
Ouch! That really hurt!
The thrashing horror tramples you.
* * * LOW HITPOINT WARNING * * *
You hold your ground!
The thrashing horror tramples you.
* * * LOW HITPOINT WARNING * * *
Your body deteriorates!
You feel clumsy.
You hold your ground!
The thrashing horror tramples you.
You die...

#...... ...#..
#.##. .# .#...#
#.... ###......
#.#..X##...##5#.
#.....#...#.#....#
...#####.###.#5.#.
##. #ยง..#.#....#
# #..#...#.##
#.......#@#
.#.##..X##
...#...##.#
.....##.. #X# ...
[ ##. ..# .##
#..... #...#..
.#.. ... ###.# #.


You could see a thrashing horror, a large abomination and a white imp.

Vanquished Creatures
  A white imp (Abyss:1)
1 creature vanquished.

Notes
Turn   | Place    | Note
-------+----------+-------------------------------------------
     0 | Abyss:1  | Gargoyl the Centaur Abyssal Knight began the quest for the
                  | Orb.
     0 | Abyss:1  | Reached XP level 1. HP: 19/19 MP: 2/2
    73 | Abyss:1  | Noticed a flying skull
    82 | Abyss:1  | Gained mutation: You are clumsy. (Dex -2) [potion of
                  | mutation]
    82 | Abyss:1  | Gained mutation: Your body sometimes deteriorates upon
                  | taking damage. [potion of mutation]
    82 | Abyss:1  | Gained mutation: You possess an exceptional clarity of
                  | mind. [potion of mutation]
    82 | Abyss:1  | Gained mutation: You passively map a small area around you.
                  | [potion of mutation]
    96 | Abyss:1  | Noticed a thrashing horror
   115 | Abyss:1  | Noticed a large abomination
   118 | Abyss:1  | Slain by a thrashing horror

Levels and vault maps discovered:
Abyss:1:  abyss_greek_temple

Action                   || total
-------------------------++-------
Melee: Hand axe          ||     3
  Use: Scroll            ||     1
       Potion            ||     1
Armor: Leather armour    ||     1
Dodge: Dodged            ||     1

Table legend:
 A = Non-vault XP
 B = Vault XP
 C = Vault XP percentage of total XP
 D = Non-vault monster count
 E = Vault monster count
 F = Vault count percentage of total count
                 A         B        C        D         E       F
            +---------+---------+-------+---------+---------+-------
      Total |      10 |       0 |   0.0 |       1 |       0 |   0.0
            +---------+---------+-------+---------+---------+-------
    Abyss:1 |      10 |       0 |   0.0 |       1 |       0 |   0.0
            +---------+---------+-------+---------+---------+-------
